cohdb
Replays
Latest Replays
All Replays
Popular Replays
Top Player Replays
Match Explorer
How It Works
Community
CoH3 Stats
Reddit
Sign in to upload your games and track your stats! →
Sign in with Steam
Match 43858011
Unlisted
Match 43858011
Overview
Messages
Build Orders
End
Construct Barracks
Riflemen Squad
Riflemen Squad
Riflemen Squad
Grenade Package
M1 Mortar Team
Construct Medical Station
Air Support Center
Construct Motor Pool
Grasshopper Recon Run
M8 Greyhound Armored Car
Engineer Squad
M1 Anti-tank Gun Team
Riflemen Squad
M1918 Browning Automatic Rifles
Grasshopper Recon Run
M24 Chaffee Light Tank
Selects Armored Battlegroup
Selects Assault Engineers
Selects Fast Deploy
Selects Seek and Destroy
Selects UNKNOWN (2160077)
Selects Field Repairs
Assault Engineer Squad
P-47 Strafing Run
P-47 Strafing Run
Construct Tank Depot
Arturokq
Gracie Barra
0
0
Comments
sign in to comment!
No comments posted yet!